 Dungeon Crawl Stone Soup version 0.24-a0-582-g4d4af813a0 (webtiles) character file.

Game seed: 9173306307154940669

6003 Peloso the Blocker (level 10, -1/87 (88) HPs)
             Began as a Minotaur Fighter on Aug 27, 2019.
             Was an Elder of Okawaru.
             Slain by an unseen horror (7 damage)
             ... on level 10 of the Dungeon.
             The game lasted 00:21:33 (7857 turns).

Peloso the Blocker (Minotaur Fighter)               Turns: 7857, Time: 00:21:34

HP:   -1/87 (88)    AC: 15    Str: 22    XL:     10   Next: 55%
MP:   9/9           EV:  8    Int:  0    God:    Okawaru [****..]
Gold: 326           SH: 12    Dex: 15    Spells: 9/9 levels left

rFire    . . .     SeeInvis .   a - +2 long sword (flame)
rCold    . . .     Gourm    .   c - +0 shield
rNeg     . . .     Faith    +   u - +0 plate armour
rPois    +         Spirit   .   (helmet restricted)
rElec    +         Reflect  .   (no cloak)
rCorr    .         Harm     .   (no gloves)
MR       .....                  (no boots)
Stlth    ..........             B - amulet "Vucuz" {Faith rElec rPois Int-5 Dex+3}
HPRegen  0.24/turn              w - +1 ring of protection
MPRegen  0.11/turn              (no ring)

@: slowed, lost intelligence, very slow
A: retaliatory headbutt, horns 2
a: Heroism, Renounce Religion


You were on level 10 of the Dungeon.
You worshipped Okawaru.
Okawaru was greatly pleased with you.
You were not hungry.

You visited 2 branches of the dungeon, and saw 11 of its levels.

You collected 326 gold pieces.

Inventory:

Hand Weapons
 a - a +2 long sword of flaming (weapon)
 l - a +1 spear of flaming
 A - the +1 hand crossbow "Vifiki" {velocity, rF+ rC+}
   (You found it on level 9 of the Dungeon)

   Any bolt fired from it inflicts extra damage.
   It protects you from fire.
   It protects you from cold.
Armour
 b - a +0 chain mail
 c - a +0 shield (worn)
 u - a +0 plate armour (worn)
Jewellery
 e - an uncursed amulet of rage
 k - an uncursed amulet of regeneration
 w - a +1 ring of protection (left hand)
 B - the amulet "Vucuz" (around neck) {Faith rElec rPois Int-5 Dex+3}
   (You found it on level 9 of the Dungeon)

   [amulet of faith]

   It allows you to gain divine favour quickly.
   It affects your intelligence (-5).
   It affects your dexterity (+3).
   It insulates you from electricity.
   It protects you from poison.
 C - a cursed -3 ring of dexterity {unknown}
Wands
 q - a wand of iceblast (8)
 t - a wand of polymorph (7)
 v - a wand of random effects (19)
Scrolls
 g - 4 scrolls of magic mapping
 h - 5 scrolls of remove curse
 i - 2 scrolls of enchant weapon
 m - 3 scrolls of identify
 n - a scroll of amnesia
 p - 4 scrolls of teleportation
 r - 4 scrolls of enchant armour
 s - a scroll of noise {unknown}
 y - a scroll of fog {unknown}
Potions
 d - 2 potions of might
 j - a potion of brilliance
 o - a potion of magic {unknown}
 x - a potion of curing
 z - a potion of cancellation {unknown}
 D - a potion of agility {unknown}
Comestibles
 f - 19 rations


   Skills:
 + Level 8.3 Fighting
 + Level 10.1 Long Blades
 + Level 10.0 Armour
 + Level 3.9 Dodging
 + Level 1.8 Stealth
 + Level 10.4 Shields
 + Level 0.6 Invocations


You had 9 spell levels left.
You didn't know any spells.
Your spell library contained the following spells:

 Spells                   Type           Power        Failure   Level  Hunger
 Beastly Appendage        Tmut           #.....       100%        1    ##.....
 Confusing Touch          Hex            #.....       100%        1    ##.....
 Shock                    Conj/Air       #...         100%        1    ##.....
 Sticks to Snakes         Tmut           #.......     100%        2    ###....
 Swiftness                Chrm/Air       #.......     100%        2    ###....
 Confuse                  Hex            #.......     100%        3    ####...
 Gell's Gravitas          Tloc           #.........   100%        3    ####...
 Spider Form              Tmut/Pois      #.........   100%        3    ####...
 Static Discharge         Conj/Air       #.......     100%        3    ####...
 Airstrike                Air            #.........   100%        4    #####..
 Ice Form                 Ice/Tmut       #.......     100%        4    #####..
 Petrify                  Tmut/Erth      #.......     100%        4    #####..
 Blade Hands              Tmut           #.........   100%        5    ######.
 Lightning Bolt           Conj/Air       #.........   100%        5    ######.
 Metabolic Englaciation   Hex/Ice        #.........   100%        5    ######.
 Yara's Violent Unravell  Hex/Tmut       #.........   100%        5    ######.


Dungeon Overview and Level Annotations

Branches:
Dungeon (10/15)            Temple (1/1) D:4
   Lair: D:8-11         Orc: D:9-12

Altars:
Ashenzari
Cheibriados
Dithmenos
Elyvilon
Fedhas
Gozag
Hepliaklqana
Kikubaaqudgha
Makhleb
Nemelex Xobeh
Okawaru
Qazlal
Ru
Sif Muna
Trog
Uskayaw
Vehumet
Wu Jian
Xom
Zin
The Shining One


Innate Abilities, Weirdness & Mutations

You reflexively headbutt those who attack you in melee.
You have a pair of horns on your head.


Message History

Something hits you but does no damage. Something hits you.
* * * LOW HITPOINT WARNING * * *
You closely miss something. You headbutt something.
Something hits you but does no damage. x2
Your plate armour prevents you from hitting something.
Something hits you.
* * * LOW HITPOINT WARNING * * *
Something hits you.
* * * LOW HITPOINT WARNING * * *
Something hits you.
* * * LOW HITPOINT WARNING * * *
Your plate armour prevents you from hitting something.
Something hits you but does no damage. Something hits you.
* * * LOW HITPOINT WARNING * * *
Something hits you but does no damage.
There is an escape hatch in the ceiling, spattered with blood here.
Unknown command.
Something hits you!
You die...

#### ..##..#
#.##..# #.##..# #
#.##..# #.
#@##..# ..
##.##..#
####.####...#..#
........$.#....#
####.##.#...#.##
#.##.##.##[#
...###.##.##.##.#
.............##.#
...##...........#


There were no monsters in sight!

Vanquished Creatures
  A two-headed ogre (D:9)
  Joseph (D:8)
  A gargoyle (D:10)
  A troll (D:10)
  Grinder (D:3)
  A hippogriff (D:7)
  An ice beast (D:8)
  3 black bears
  5 orc warriors
  2 phantoms
  A necrophage (D:8)
  5 ogres
  3 centaurs
  4 bullfrogs
  A wyvern skeleton (D:7)
  A scorpion (D:7)
  3 wights (D:8)
  4 howler monkeys
  3 crimson imps
  A quasit (D:5)
  2 bullfrog zombies
  A jelly (D:8)
  2 hounds
  9 orc priests
  6 centaur skeletons
  2 iguanas
  16 orc wizards
  6 worker ants
  2 killer bee zombies
  A hound zombie (D:7)
  A hound skeleton (D:7)
  Robin (D:2)
  11 gnolls
  A howler monkey skeleton (D:8)
  12 adders
  4 shadow imps
  An ooze (D:3)
  2 adder skeletons
  2 worms
  4 leopard geckos
  39 orcs
  6 giant cockroaches
  22 goblins
  8 hobgoblins
  7 jackals
  4 kobolds
  2 quokkas
  2 ball pythons
  5 bats
  9 frilled lizards
  A leopard gecko skeleton (D:4)
  A leopard gecko zombie (D:6)
  A quokka skeleton (D:5)
  23 rats
259 creatures vanquished.

Vanquished Creatures (others)
  An orc wizard (D:6)
  A jackal (D:7)
2 creatures vanquished.

Grand Total: 261 creatures vanquished

Notes
Turn   | Place    | Note
-------+----------+-------------------------------------------
     0 | D:1      | Peloso the Minotaur Fighter began the quest for the Orb.
     0 | D:1      | Reached XP level 1. HP: 19/19 MP: 0/0
    52 | D:1      | Reached XP level 2. HP: 23/27 MP: 1/1
   451 | D:1      | Reached XP level 3. HP: 29/33 MP: 2/2
   546 | D:2      | Reached skill level 1 in Dodging
   613 | D:2      | Noticed Robin
   636 | D:2      | Killed Robin
   636 | D:2      | Reached XP level 4. HP: 12/40 MP: 3/3
  1620 | D:3      | Reached XP level 5. HP: 42/47 MP: 4/4
  1623 | D:3      | Noticed a moth of wrath
  1626 | D:3      | Found a bloodstained altar of Trog.
  1857 | D:3      | Found a shimmering blue altar of Sif Muna.
  1857 | D:3      | Found a stormy altar of Qazlal.
  1965 | D:4      | Noticed Grinder
  2122 | D:4      | Noticed a centaur
  2124 | D:4      | Found a blossoming altar of Fedhas.
  2130 | D:4      | Killed a centaur
  2130 | D:4      | Reached XP level 6. HP: 25/53 MP: 5/5
  2222 | D:3      | Reached skill level 5 in Armour
  2353 | D:4      | Found a staircase to the Ecumenical Temple.
  2360 | Temple   | Entered the Ecumenical Temple
  2501 | Temple   | Became a worshipper of Warmaster Okawaru
  2524 | D:4      | Reached skill level 5 in Long Blades
  2541 | D:3      | Killed Grinder
  2541 | D:3      | Reached skill level 5 in Fighting
  2541 | D:3      | Reached skill level 5 in Shields
  2541 | D:3      | Reached XP level 7. HP: 44/61 MP: 6/6
  2606 | D:4      | Reached * piety under Okawaru
  3436 | D:5      | Entered Level 5 of the Dungeon
  3698 | D:5      | Reached XP level 8. HP: 68/68 MP: 7/7
  3798 | D:5      | Reached ** piety under Okawaru
  3843 | D:5      | Identified the cursed +3 mace of Baargh {freeze, rF+ Int+4}
  4223 | D:6      | Reached skill level 1 in Stealth
  5107 | D:7      | Reached XP level 9. HP: 60/75 MP: 8/8
  5141 | D:7      | Reached *** piety under Okawaru
  6167 | D:8      | Noticed Joseph
  6219 | D:8      | Reached **** piety under Okawaru
  6365 | D:8      | Reached XP level 10. HP: 53/85 MP: 9/9
  6366 | D:8      | Killed Joseph
  7143 | D:9      | Noticed a two-headed ogre
  7153 | D:9      | Killed a two-headed ogre
  7153 | D:9      | Reached skill level 10 in Shields
  7174 | D:9      | Got a warped garnet amulet
  7176 | D:9      | Lost intelligence.
  7176 | D:9      | Identified the amulet "Vucuz" {Faith rElec rPois Int-5
                  | Dex+3} (You found it on level 9 of the Dungeon)
  7329 | D:9      | Got a fine hand crossbow
  7330 | D:9      | Identified the cursed +1 hand crossbow "Vifiki" {velocity,
                  | rF+ rC+} (You found it on level 9 of the Dungeon)
  7685 | D:10     | Entered Level 10 of the Dungeon
  7748 | D:10     | Noticed a gargoyle
  7754 | D:10     | Killed a gargoyle
  7754 | D:10     | Reached skill level 10 in Long Blades
  7793 | D:10     | Reached skill level 10 in Armour
  7857 | D:10     | Slain by an unseen horror

Levels and vault maps discovered:
D:1:      dpeg_arrival_rooms_c, layout_basic, minmay_rat_gold_closets
D:2:      layout_rooms, minmay_tromino_v4_b, uniq_robin
D:3:      layout_basic, gammafunk_temple_overflow_elements, tgw_trog
D:4:      layout_cave_pools, fedhas_bush_and_centaur_altar,
          minmay_temple_entry_purple_smoke, minmay_misc_feat_enclosed,
          minmay_door_square, uniq_grinder
D:5:      layout_loops_ring, first_ration
D:6:      layout_basic
D:7:      layout_basic
D:8:      layout_basic, uniq_joseph
D:9:      layout_stronghold
D:10:     layout_loops_ring, serial_shops, kennysheep_mini, hangedman_fish_farm,
          minmay_misc_feat_tower, uniq_harold
Temple:   eino_narrow_crystal_temple

Skill      XL: |  1  2  3  4  5  6  7  8  9 10 |
---------------+-------------------------------+-----
Fighting       | 4 5 6 7 8 |  8.3
Shields        | 4 5 6 8 9 10 | 10.4
Armour         | 4 5 6 7 9 10 | 10.0
Dodging        | 1 2 3 |  3.9
Long Blades    | 3 4 5 7 9 10 | 10.1
Stealth        | 1 |  1.8
Invocations    | |  0.6

Action                   |  1- 3 |  4- 6 |  7- 9 | 10-12 || total
-------------------------+-------+-------+-------+-------++-------
Melee: Long sword        |   116 |   121 |   568 |    96 ||   901
       Headbutt          |    16 |    18 |   126 |    30 ||   190
Invok: Heroism           |       |       |     5 |     1 ||     6
  Use: Potion            |       |     3 |     2 |       ||     5
       Scroll            |       |       |     7 |     1 ||     8
  Eat: Chunk             |       |     5 |    14 |     2 ||    21
       Ration            |       |       |       |     1 ||     1
Armor: Scale mail        |    48 |    47 |    23 |       ||   118
       Chain mail        |       |       |   170 |       ||   170
       Plate armour      |       |       |    58 |    76 ||   134
Dodge: Dodged            |    34 |    52 |   144 |    20 ||   250
Block: Shield            |    74 |    68 |   307 |    69 ||   518
       Rpst.: Long sword |     4 |    14 |    27 |     8 ||    53

Table legend:
 A = Non-vault XP
 B = Vault XP
 C = Vault XP percentage of total XP
 D = Non-vault monster count
 E = Vault monster count
 F = Vault count percentage of total count
                 A         B        C        D         E       F
            +---------+---------+-------+---------+---------+-------
      Total |    7689 |     887 |  10.3 |     229 |      30 |  11.6
            +---------+---------+-------+---------+---------+-------
        D:1 |      33 |      10 |  23.3 |      20 |      10 |  33.3
        D:2 |      54 |      49 |  47.6 |      21 |      12 |  36.4
        D:3 |     244 |     271 |  52.6 |      28 |       6 |  17.6
        D:4 |     404 |     112 |  21.7 |      26 |       1 |   3.7
        D:5 |     492 |       0 |   0.0 |      17 |       0 |   0.0
        D:6 |    1085 |       0 |   0.0 |      32 |       0 |   0.0
        D:7 |    1915 |       0 |   0.0 |      40 |       0 |   0.0
        D:8 |    1249 |     445 |  26.3 |      31 |       1 |   3.1
        D:9 |    1442 |       0 |   0.0 |       9 |       0 |   0.0
       D:10 |     735 |       0 |   0.0 |       4 |       0 |   0.0
     Temple |      36 |       0 |   0.0 |       1 |       0 |   0.0
            +---------+---------+-------+---------+---------+-------
